 Dungeon Crawl Stone Soup version 0.30-a0-223-gcb0039aa0c (webtiles) character file.

Game seed: 8739406202082199991

346 qw the Chopper (level 6, -7/38 HPs)
             Began as a Gargoyle Fighter on Oct 9, 2022.
             Mangled by a titan zombie (8 damage)
             ... on level 1 of the Abyss.
             The game lasted 00:01:23 (2665 turns).

qw the Chopper (Gargoyle Fighter)                   Turns: 2665, Time: 00:01:24

Health: -7/38      AC: 17    Str: 22    XL:     6   Next: 59%
Magic:  0/6        EV:  4    Int:  8    God:
Gold:   236        SH:  8    Dex:  9    Spells: 5/5 levels left

rFire   . . .      SeeInvis .    Y - +0 war axe (freeze)
rCold   . . .      Faith    .    g - +0 kite shield
rNeg    + . .      Spirit   +    k - +0 plate armour
rPois   inf        Reflect  .    o - +0 helmet
rElec   +          Harm     .    (no cloak)
rCorr   .          Rampage  .    (no gloves)
Will    .....                    (no boots)
Stlth   ..........               c - amulet of guardian spirit
HPRegen 0.26/turn                (no ring)
MPRegen 0.10/turn                (no ring)

@: no status effects
A: sickness immunity, AC +4, negative energy resistance 1, electricity
resistance, torment resistance 1, petrification resistance
a: no special abilities


You were on level 1 of the Abyss.
You visited 1 branch of the dungeon, and saw 3 of its levels.
You visited the Abyss 1 time.

You collected 236 gold pieces.


Innate Abilities, Weirdness & Mutations

You are immune to sickness and miasma.
Your stone body is resilient. (AC +4)
You are immune to poison.
You resist negative energy. (rN+)
You are resistant to electric shocks. (rElec)
You are resistant to unholy torment.
You are immune to petrification.


   Skills:
 + Level 3.7 Fighting
 - Level 5.1 Axes
 - Level 3.2 Armour
 - Level 5.0 Shields


You had 5 spell levels left.
You didn't know any spells.
Your spell library was empty.

Inventory:

Hand Weapons
 l - a +0 whip
 Y - a +0 war axe of freezing (weapon)
Armour
 g - a +0 kite shield (worn)
 k - a +0 plate armour (worn)
 o - a +0 helmet (worn)
Jewellery
 c - an amulet of guardian spirit (around neck)
Scrolls
 e - a scroll of identify
Potions
 a - a potion of haste
 d - a potion of might
 h - a potion of curing
 j - a potion of cancellation {unknown}

Dungeon Overview and Level Annotations

Branches:
Dungeon (3/15)

Altars:

Shops:
D:2 [


Message History

You are cast into the Abyss!
This branch contains the abyssal rune of Zot.
2613 ||| UPGRADING to amulet of guardian spirit.
You start putting on your amulet.
You continue putting on your amulet of guardian spirit. x5
You finish putting on your amulet of guardian spirit.
You feel your power drawn to a protective spirit.
c - an amulet of guardian spirit (around neck)
2618 ||| READING scroll labelled MURUYXAFRO.
As you read the scroll labelled MURUYXAFRO, it crumbles to dust.
It is a scroll of enchant armour.
Really abort (and waste the scroll)?
An ufetubus comes into view.
The ufetubus shouts!
There is an open door here.
You barely miss the ufetubus. The ufetubus barely misses you.
The ufetubus hits you but does no damage. x3
You hit the ufetubus. You freeze the ufetubus.
You kill the ufetubus!
A hellwing comes into view.
The hellwing gives a chilling moan.
You hear a chilling moan.
You hear a roar!
You barely miss the hellwing. The hellwing hits you!
The hellwing hits you but does no damage.
You hit the titan zombie.
The titan zombie is lightly damaged.
You hit the hellwing but do no damage. You block the hellwing's attack.
The hellwing hits you but does no damage.
The titan zombie hits you. The hellwing hits you.
The hellwing hits you but does no damage.
You hit the titan zombie.
The titan zombie is lightly damaged.
You hit the hellwing. You freeze the hellwing. You block the hellwing's attack.
The hellwing hits you but does no damage.
A hellwing comes into view.
The titan zombie hits you!
You die...

. .. ...... ..
.......###.~
~~~....... .
~~....~~~~.
.........
.#######''''.#.##
#.#..........#....
#....Z@'....'....
#....4.#....#...
####4######.### .
... ... ###. . ..
.... ... . #..#
.... #.## # +


You could see 2 hellwings and a titan zombie.

Vanquished Creatures
  Sigmund (D:2)
  Robin (D:2)
  5 adders
  An ufetubus (Abyss:1)
  2 worms
  A dart slug (D:2)
  3 orcs (D:3)
  6 bats
  11 endoplasms
  A giant cockroach (D:2)
  18 goblins
  8 hobgoblins
  11 jackals (D:3)
  4 kobolds
  5 quokkas
  4 ball pythons
  5 frilled lizards
  12 rats
99 creatures vanquished.

Notes
Turn   | Place    | Note
-------+----------+-------------------------------------------
     0 | D:1      | qw the Gargoyle Fighter began the quest for the Orb.
     0 | D:1      | Reached XP level 1. HP: 14/14 MP: 1/1
     0 | D:1      | 0 ||| qw: Version: 0.2-a-17-g06abaee
     0 | D:1      | 0 ||| qw: Game counter: 2087
     0 | D:1      | 0 ||| qw: Always use a shield: true
     0 | D:1      | 0 ||| qw: God list: Okawaru
     0 | D:1      | 0 ||| qw: Allow faded altars: false
     0 | D:1      | 0 ||| qw: Do Orc after D:15 true
     0 | D:1      | 0 ||| qw: Do second Lair branch before Depths: true
     0 | D:1      | 0 ||| qw: Lair rune preference: random
     0 | D:1      | 0 ||| qw: Plans: Normal, Zot:1-4, God:TSO, Crypt, Tomb,
                  | Pan, Slime:5, Hells, Abyss, Orb
     0 | D:1      | 0 ||| PLANNING D:1-11
   126 | D:1      | Reached XP level 2. HP: 18/19 MP: 2/2
   478 | D:1      | Reached skill level 3 in Axes
   496 | D:1      | 496 ||| DROPPING +0 club.
   858 | D:1      | Reached XP level 3. HP: 21/23 MP: 3/3
   964 | D:1      | 964 ||| UPGRADING to +0 kite shield.
   974 | D:1      | 974 ||| DROPPING +0 buckler.
   975 | D:1      | 975 ||| UPGRADING to +0 plate armour.
   985 | D:1      | 985 ||| DROPPING +0 scale mail.
   986 | D:1      | 986 ||| READING scroll labelled XOKHLIP ONIRRIH.
   987 | D:1      | 987 ||| READING scroll labelled VESME DETUSTRI.
  1012 | D:2      | 1012 ||| STAIRDANCE
  1028 | D:2      | 1028 ||| STAIRDANCE
  1050 | D:2      | 1050 ||| STAIRDANCE
  1181 | D:2      | Noticed Sigmund
  1182 | D:2      | 1182 ||| Stepping ~*~*~tactically~*~*~ (hiding).
  1202 | D:2      | Killed Sigmund
  1203 | D:2      | Reached XP level 4. HP: 19/28 MP: 4/4
  1203 | D:2      | Reached XP level 5. HP: 22/32 MP: 5/5
  1304 | D:2      | Reached XP level 6. HP: 37/37 MP: 6/6
  1306 | D:2      | Found Jucitow's Armour Emporium.
  1343 | D:2      | 1343 ||| SHOPLISTING +1 pair of boots of rampaging (165
                  | gold, have 83).
  1408 | D:2      | 1408 ||| Stepping ~*~*~tactically~*~*~ (stealth).
  1410 | D:2      | 1410 ||| Stepping ~*~*~tactically~*~*~ (stealth).
  1411 | D:2      | Noticed Robin
  1412 | D:2      | 1412 ||| Stepping ~*~*~tactically~*~*~ (hiding).
  1429 | D:2      | Killed Robin
  1759 | D:2      | You fall into a shaft and drop 1 floor!
  1811 | D:3      | 1811 ||| Stepping ~*~*~tactically~*~*~ (stealth).
  1972 | D:3      | 1972 ||| Stepping ~*~*~tactically~*~*~ (stealth).
  1973 | D:3      | 1973 ||| Stepping ~*~*~tactically~*~*~ (stealth).
  2008 | D:3      | 2008 ||| UPGRADING to +0 helmet.
  2013 | D:3      | 2013 ||| DROPPING +6 ring of intelligence.
  2014 | D:3      | 2014 ||| READING 3 scrolls labelled NINEGU IGUMNE.
  2019 | D:3      | 2019 ||| READING 2 scrolls labelled LONUCI OTZIN.
  2020 | D:3      | 2020 ||| READING scroll labelled BYRIST ERPHIGE.
  2021 | D:3      | 2021 ||| READING scroll labelled OMA ICORGHIMI.
  2022 | D:3      | 2022 ||| DRINKING 3 clear potions.
  2023 | D:3      | 2023 ||| DRINKING 2 sapphire potions.
  2024 | D:3      | 2024 ||| READING 3 scrolls of identify.
  2024 | D:3      | 2024 ||| IDENTIFYING blue potion
  2025 | D:3      | 2025 ||| READING 2 scrolls of identify.
  2025 | D:3      | 2025 ||| IDENTIFYING pink potion
  2026 | D:3      | 2026 ||| DROPPING scroll of poison.
  2027 | D:3      | 2027 ||| DROPPING 2 potions of flight.
  2028 | D:3      | 2028 ||| DROPPING potion of ambrosia.
  2029 | D:3      | 2029 ||| DROPPING potion of brilliance.
  2451 | D:3      | 2451 ||| Stepping ~*~*~tactically~*~*~ (stealth).
  2452 | D:3      | 2452 ||| Stepping ~*~*~tactically~*~*~ (stealth).
  2512 | D:3      | 2512 ||| Stepping ~*~*~tactically~*~*~ (stealth).
  2542 | D:3      | 2542 ||| Stepping ~*~*~tactically~*~*~ (stealth).
  2604 | D:3      | HP: 9/37 [gnoll/+0 spear of distortion (23)]
  2605 | D:3      | 2605 ||| READING 2 scrolls of teleportation.
  2606 | D:3      | HP: 3/37 [gnoll/+0 spear (5)]
  2608 | D:3      | 2608 ||| READING scroll of teleportation.
  2609 | D:3      | 2609 ||| Stepping ~*~*~tactically~*~*~ (water).
  2612 | Abyss:1  | Cast into level 1 of the Abyss (gnoll)
  2613 | Abyss:1  | 2613 ||| UPGRADING to amulet of guardian spirit.
  2618 | Abyss:1  | 2618 ||| READING scroll labelled MURUYXAFRO.
  2661 | Abyss:1  | Noticed a hellwing
  2662 | Abyss:1  | Noticed a titan zombie
  2663 | Abyss:1  | HP: 9/38 [hellwing (9)]
  2664 | Abyss:1  | HP: 4/38 [titan zombie (5)]
  2664 | Abyss:1  | HP: 1/38 [hellwing (3)]
  2665 | Abyss:1  | Noticed a hellwing
  2665 | Abyss:1  | Mangled by a titan zombie

Levels and vault maps discovered:
D:1:      dpeg_arrival_subterranean_lakeside_camping, layout_loops_corners,
          minmay_pentomino_q2
D:2:      layout_basic, serial_shops, nicolae_shop_competitors_out_of_business,
          kennysheep_nub, st_stairs_8, grunt_ministairs_14, uniq_robin,
          uniq_sigmund
D:3:      lemuel_castle_with_subvaults [lemuel_castle_interior_carwin_1],
          layout_rooms, dreamdust_wishing_well
Abyss:1:  base:
D:3

Skill      XL: |  1  2  3  4  5  6 |
---------------+-------------------+-----
Axes           | 2 3 5 |  5.1
Shields        | 4 5 |  5.0
Fighting       | |  3.7
Armour         | |  3.2

Action                   |  1- 3 |  4- 6 || total
-------------------------+-------+-------++-------
Melee: War axe           |   109 |   167 ||   276
  Use: Scroll            |     2 |     9 ||    11
       Potion            |       |     2 ||     2
Armor: Scale mail        |    36 |       ||    36
       Plate armour      |    31 |    95 ||   126
Dodge: Dodged            |    40 |    35 ||    75
Block: Buckler           |    11 |       ||    11
       Kite shield       |    24 |    81 ||   105

Table legend:
 A = Non-vault XP
 B = Vault XP
 C = Vault XP percentage of total XP
 D = Non-vault monster count
 E = Vault monster count
 F = Vault count percentage of total count
                 A         B        C        D         E       F
            +---------+---------+-------+---------+---------+-------
      Total |     183 |     312 |  63.0 |      68 |      31 |  31.3
            +---------+---------+-------+---------+---------+-------
        D:1 |      29 |      19 |  39.6 |      17 |      10 |  37.0
        D:2 |      84 |     276 |  76.7 |      21 |      14 |  40.0
        D:3 |      62 |      17 |  21.5 |      29 |       7 |  19.4
    Abyss:1 |       8 |       0 |   0.0 |       1 |       0 |   0.0
            +---------+---------+-------+---------+---------+-------
